 Dungeon Crawl Stone Soup version 0.22.0-75-g3901e79 (webtiles) character file.

937 Oakoak the Magician (level 7, -6/32 HPs)
             Began as a Spriggan Conjurer on Sept 11, 2018.
             Was a Believer of Nemelex Xobeh.
             Mangled by an ice beast (8 damage)
             ... on level 6 of the Dungeon.
             The game lasted 00:27:40 (11925 turns).

Oakoak the Magician (Spriggan Conjurer)            Turns: 11925, Time: 00:27:40

Health: -6/32      AC:  2    Str:  4    XL:     7   Next: 87%
Magic:  14/19      EV: 21    Int: 19    God:    Nemelex Xobeh [**....]
Gold:   227        SH:  0    Dex: 16    Spells: 9/21 levels left

rFire    . . .     SeeInvis +   g - -1 mace (curse)
rCold    . . .     Gourm    .   (shield restricted)
rNeg     . . .     Faith    .   a - +0 robe
rPois    .         Spirit   .   (helmet restricted)
rElec    .         Reflect  .   (no cloak)
rCorr    .         Harm     .   (gloves unavailable)
MR       +....                  (boots unavailable)
Stlth    +++.......             k - amulet of magic regeneration
HPRegen  0.10/turn              (no ring)
MPRegen  0.41/turn              (no ring)

@: very quick
A: very small, unfitting armour, see invisible, herbivore, speed 3, slow
metabolism 2
a: Renounce Religion


You were on level 6 of the Dungeon.
You worshipped Nemelex Xobeh.
Nemelex Xobeh was pleased with you.
You were not hungry.

You visited 1 branch of the dungeon, and saw 6 of its levels.

You collected 227 gold pieces.

Inventory:

Hand Weapons
 g - a cursed -1 mace (weapon)
 o - a +0 scythe
Armour
 a - a +0 robe (worn)
 d - a +0 scale mail
 i - a +0 shield
 p - a +0 robe
Jewellery
 k - an amulet of magic regeneration (around neck)
 t - an uncursed ring of poison resistance {unknown}
 y - an uncursed amulet of harm {unknown}
 z - an uncursed ring of magical power {unknown}
Wands
 A - a wand of random effects (20)
 B - a wand of flame (28)
Scrolls
 e - 3 scrolls of enchant armour {unknown}
 f - 9 scrolls of identify {unknown}
 h - 5 scrolls of remove curse {unknown}
 l - a scroll of immolation {unknown}
 m - a scroll of fog {unknown}
 r - a scroll of noise {unknown}
 u - a scroll of teleportation {unknown}
 w - a scroll of magic mapping {unknown}
Potions
 b - 3 potions of curing
 j - a potion of heal wounds {unknown}
 n - a potion of degeneration {unknown}
 q - 2 potions of flight {unknown}
 s - a potion of resistance {unknown}
 v - a potion of invisibility {unknown}
 x - a potion of agility {unknown}
 C - 2 potions of berserk rage {unknown}
Comestibles
 c - 4 rations


   Skills:
 + Level 0.6 Fighting
 + Level 1.5 Maces & Flails
 * Level 5.5 Dodging
 + Level 4.2 Stealth
 * Level 7.9 Spellcasting
 + Level 4.3 Conjurations
 + Level 1.0 Hexes
 + Level 0.7 Translocations


You had 9 spell levels left.
You knew the following spells:

 Your Spells              Type           Power        Failure   Level  Hunger
a - Magic Dart            Conj           ###.         1%          1    None
b - Dazzling Spray        Conj/Hex       ###...       9%          3    None
c - Force Lance           Conj/Tloc      ###.....     32%         4    ###....
d - Iskenderun's Mystic   Conj           ###.....     16%         4    ###....

Your spell library contained the following spells:

 Spells                   Type           Power        Failure   Level  Hunger
 Searing Ray              Conj           ###...       2%          2    None
 Fulminant Prism          Conj/Hex       ###.......   30%         4    ###....


Dungeon Overview and Level Annotations

Branches:
Dungeon (6/15)
 Temple: D:4-7

Altars:
Cheibriados
Nemelex Xobeh


Innate Abilities, Weirdness & Mutations

You are very small and have problems with some larger weapons.
You are too small for most types of armour.
You have supernaturally acute eyesight. (SInv)
You are a herbivore.
You cover ground extremely quickly.
You need to consume almost no food.


Message History

* * * LOW HITPOINT WARNING * * *
Casting: Iskenderun's Mystic Blast (slightly dangerous; 16% risk of failure)
Confirm with . or Enter, or press ? or * to list all spells.
Aiming: Iskenderun's Mystic Blast (slightly dangerous; 16% risk of failure)
Press: ? - help, Shift-Dir - straight line, f/p - ice beast
Aim: an ice beast (heavily wounded)
The orb of energy hits the ice beast.
The ice beast is heavily wounded.
The orb of energy explodes!
The mystic blast hits the bullfrog.
The bullfrog is heavily wounded.
The bullfrog hits you!
* * * LOW HITPOINT WARNING * * *
The bullfrog closely misses you.
You feel better. The bullfrog hits you.
* * * LOW HITPOINT WARNING * * *
The ice beast hits you.
* * * LOW HITPOINT WARNING * * *
The ice beast freezes you!
You die...
Your body glows slightly and disappears.

......#............#..#
.....................#
....l..!<......#.###.#
....)..[.............#
.....[........##.#####
...............Zo....#
.....................#
............lY.......#
.....#......@F.......#
........#$############


You could see an ice beast, a bullfrog, an orc wizard (invisible), a leopard
gecko and a hound skeleton.

Vanquished Creatures
  Sigmund (D:2)
  2 ogres
  A bullfrog zombie (D:5)
  3 hounds
  2 orc wizards
  An orc priest (D:3)
  7 worker ants
  A hound skeleton (D:4)
  Robin (D:2)
  5 adders
  A shadow imp (D:5)
  2 oozes
  2 adder zombies (D:2)
  An adder skeleton (D:2)
  2 worms
  2 dart slugs
  A leopard gecko (D:2)
  27 orcs
  A ball python (D:1)
  A bat zombie (D:2)
  5 giant cockroaches
  16 goblins
  6 hobgoblins
  4 jackals (D:4)
  5 kobolds
  2 quokkas
  4 bats
  4 frilled lizards
  A jackal zombie (D:2)
  A leopard gecko skeleton (D:2)
  A leopard gecko zombie (D:2)
  A quokka skeleton (D:2)
  A quokka zombie (D:2)
  10 rats
125 creatures vanquished.

Notes
Turn   | Place    | Note
-------+----------+-------------------------------------------
     0 | D:1      | Oakoak the Spriggan Conjurer began the quest for the Orb.
     0 | D:1      | Reached XP level 1. HP: 9/9 MP: 5/5
   650 | D:1      | Reached XP level 2. HP: 6/13 MP: 6/6
  1284 | D:1      | Reached skill level 3 in Spellcasting
  2157 | D:2      | Reached XP level 3. HP: 2/16 MP: 5/8
  3530 | D:2      | Reached XP level 4. HP: 19/21 MP: 6/10
  3685 | D:2      | Noticed Robin
  3695 | D:2      | Reached skill level 4 in Spellcasting
  3720 | D:2      | Killed Robin
  4073 | D:2      | Noticed Sigmund
  4106 | D:2      | Killed Sigmund
  4106 | D:2      | Reached skill level 5 in Spellcasting
  4106 | D:2      | Reached XP level 5. HP: 24/24 MP: 5/14
  4310 | D:2      | Learned a level 3 spell: Dazzling Spray
  4323 | D:2      | Found a sparkling altar of Nemelex Xobeh.
  5254 | D:2      | Became a worshipper of Nemelex Xobeh the Trickster
  5299 | D:2      | Received a gift from Nemelex Xobeh
  5412 | D:3      | Reached skill level 6 in Spellcasting
  5412 | D:3      | Reached XP level 6. HP: 28/28 MP: 3/16
  5650 | D:3      | Learned a level 4 spell: Force Lance
  6728 | D:3      | Reached * piety under Nemelex Xobeh
  6908 | D:4      | Received a gift from Nemelex Xobeh
  7493 | D:3      | Reached skill level 7 in Spellcasting
  7644 | D:4      | Reached skill level 1 in Maces & Flails
  7644 | D:4      | Reached XP level 7. HP: 32/32 MP: 3/18
  7664 | D:3      | Learned a level 4 spell: Iskenderun's Mystic Blast
  9459 | D:5      | Entered Level 5 of the Dungeon
  9539 | D:5      | Reached skill level 5 in Dodging
  9714 | D:5      | Reached skill level 1 in Hexes
  9754 | D:5      | Found a snail-covered altar of Cheibriados.
 10067 | D:5      | Reached ** piety under Nemelex Xobeh
 11925 | D:6      | Mangled by an ice beast

Skill      XL: |  1  2  3  4  5  6  7 |
---------------+----------------------+-----
Conjurations   | 3 4 |  4.3
Spellcasting   | 3 5 6 7 |  7.9
Dodging        | 4 5 |  5.5
Maces & Flails | 1 |  1.5
Stealth        | 4 |  4.2
Hexes          | 1 |  1.0
Fighting       | |  0.6
Translocations | |  0.7

Action                   |  1- 3 |  4- 6 |  7- 9 || total
-------------------------+-------+-------+-------++-------
Melee: Unarmed           |    27 |       |       ||    27
       Mace              |    67 |    46 |    69 ||   182
 Cast: Magic Dart        |   106 |   101 |    63 ||   270
       Dazzling Spray    |       |    19 |    25 ||    44
       Force Lance       |       |     6 |     9 ||    15
       Iskenderun's Myst |       |       |     8 ||     8
Evoke: Wand              |       |       |     1 ||     1
  Use: Potion            |     1 |     2 |     2 ||     5
 Stab: Sleeping          |     2 |     1 |       ||     3
       Invisible         |       |     1 |     2 ||     3
  Eat: Ration            |     1 |     2 |     4 ||     7
Armor: Robe              |    26 |     3 |     5 ||    34
Dodge: Dodged            |   142 |    77 |   155 ||   374
